Map: [ESL] Alcyone

Players

Reynor

  • Race: Zerg Zerg
  • League: Master
  • Spawn Location: 1:00

LiquidClem (Clem) - Winner!

  • Race: Terran Terran
  • League: Grandmaster
  • Spawn Location: 7:00

Event: Bellum Gens Elite Stara Zagora 2024

VOD

Have the link to the VOD?

Description

Time

  • Played on: Sept. 8, 2024, 7:51 a.m.
  • Length: 18:22

All games in this series

Show
View Real Time Build Order
Export as new Build Order

Reynor Zerg 

Build Orders: Hatch First 

Get SALT Encoding   

  12  0:00  Drone  
  13  0:11  Overlord  
  13  0:16  Drone  
  14  0:30  Drone x2  
  16  0:48  Hatchery  
  15  0:51  Drone  
  15  0:54  Drone  
  17  0:58  Drone  
  18  1:08  Extractor  
  17  1:13  Spawning Pool  
  17  1:15  Drone  
  17  1:19  Drone  
  18  1:27  Drone  
  19  1:38  Drone  
  20  1:49  Overlord  
  20  1:59  Queen x2  
  20  2:00  Zergling x4  
  26  2:10  Drone  
  26  2:11  Drone  
  28  2:17  Metabolic Boost  
  28  2:21  Drone  
  28  2:22  Drone  
  30  2:35  Drone, Overlord  
  30  2:36  Queen  
  32  2:40  Queen  
  32  2:43  Drone  
  35  2:53  Drone x2  
  35  2:54  Drone  
  38  3:03  Overlord  
  38  3:06  Hatchery  
  38  3:09  Drone x2  
  39  3:15  Drone x3  
  42  3:21  Queen  
  42  3:25  Zergling x2  
  42  3:26  Zergling x2  
  46  3:28  Overlord  
  46  3:33  Queen  
  47  3:37  Drone  
  47  3:39  Drone  
  49  3:50  Zergling x6  
  49  3:51  Overlord  
  49  3:52  Drone  
  53  3:58  Queen  
  53  4:01  Drone x2  
  57  4:04  Overlord  
  57  4:05  Drone  
  57  4:09  Drone, Queen  
  61  4:14  Overlord  
  61  4:15  Drone  
  62  4:17  Drone  
  62  4:19  Spore Crawler  
  62  4:20  Queen  
  62  4:22  Drone  
  65  4:27  Drone x2  
  65  4:29  Zergling x4  
  69  4:32  Overlord  
  69  4:33  Drone  
  69  4:36  Spore Crawler  
  69  4:40  Drone x2, Spore Crawler  
  69  4:41  Drone  
  69  4:43  Drone  
  72  4:48  Zergling x6  
  72  4:52  Drone x3  
  78  4:55  Drone x3  
  78  4:57  Drone  
  78  4:59  Drone  
  83  5:03  Overlord  
  83  5:06  Drone  
  82  5:08  Drone  
  82  5:10  Evolution Chamber  
  82  5:11  Evolution Chamber  
  82  5:13  Extractor  
  79  5:17  Overlord  
  79  5:18  Drone x3  
  79  5:19  Drone x2  
  82  5:30  Drone x4  
  82  5:33  Hatchery  
  87  5:36  Zerg Ground Armor Level 1  
  87  5:38  Overlord, Zerg Melee Weapons Level 1  
  87  5:39  Drone x2  
  87  5:41  Drone  
  88  5:45  Drone  
  88  5:46  Extractor  
  88  5:50  Zergling x6  
  88  5:51  Overlord  
  88  5:52  Drone x3  
  88  5:55  Drone, Lair  
  95  5:58  Queen, Extractor  
  95  6:02  Drone x2  
  95  6:03  Baneling Nest  
  97  6:06  Zergling x6  
  97  6:09  Overlord  
  97  6:10  Drone  
  101  6:11  Drone x2  
  101  6:13  Drone x2  
  101  6:14  Drone  
  101  6:16  Drone x2  
  108  6:20  Zergling x4  
  108  6:25  Drone  
  111  6:28  Overlord  
  111  6:29  Drone x2  
  113  6:39  Hatchery  
  112  6:40  Zergling x12  
  112  6:42  Zergling x2  
  112  6:43  Zergling x6  
  112  6:44  Zergling x2  
  112  6:46  Drone, Queen  
  119  6:52  Centrifugal Hooks  
  119  6:53  Spore Crawler, Zergling x4, Infestation Pit  
  119  6:57  Zergling x8  
  119  6:58  Zergling x2  
  119  7:00  Overlord  
  124  7:01  Baneling x4  
  124  7:02  Baneling x2  
  124  7:06  Zergling x4  
  126  7:13  Zergling x8  
  126  7:15  Zergling x2  
  128  7:17  Overlord  
  128  7:19  Zergling x2  
  128  7:22  Drone x3  
  132  7:24  Hatchery  
  132  7:25  Zergling x4  
  132  7:27  Overseer, Pneumatized Carapace  
  132  7:28  Zergling x2  
  127  7:30  Hive  
  127  7:31  Zergling x8  
  127  7:35  Overlord  
  131  7:40  Drone x2  
  131  7:41  Drone x3  
  131  7:42  Extractor  
  131  7:43  Zergling x2  
  136  7:48  Zergling x4  
  137  7:52  Overlord  
  137  7:53  Zergling x6  
  137  7:54  Zergling x2  
  137  7:55  Zergling x6  
  137  7:56  Baneling x3  
  137  7:57  Baneling x5  
  137  7:58  Zergling x2, Overseer  
  145  7:59  Baneling x3  
  145  8:00  Baneling, Zergling x4  
  146  8:06  Zergling x4  
  146  8:08  Zerg Melee Weapons Level 2  
  146  8:09  Drone x4  
  146  8:12  Overlord  
  151  8:13  Extractor  
  151  8:17  Zergling x2  
  151  8:18  Zergling x12  
  156  8:20  Zergling x4  
  156  8:26  Zergling x10  
  161  8:33  Hatchery, Zergling x4  
  155  8:35  Zergling x4  
  155  8:36  Zergling x8  
  155  8:39  Overlord  
  158  8:41  Zergling x6  
  158  8:47  Zergling x8  
  162  8:51  Adrenal Glands  
  162  8:52  Extractor  
  162  8:53  Ultralisk Cavern, Zergling x14  
  164  8:57  Hatchery  
  164  9:00  Zergling x2  
  164  9:01  Zergling x6  
  164  9:02  Baneling x5  
  167  9:05  Zergling x2  
  167  9:07  Zergling x6  
  171  9:10  Zergling x6  
  171  9:15  Zergling x4  
  176  9:20  Zergling x10  
  176  9:23  Baneling x11  
  176  9:24  Baneling x2  
  175  9:25  Zergling x8  
  175  9:29  Baneling, Zergling x12  
  175  9:30  Baneling x2  
  185  9:32  Zergling x2  
  185  9:37  Zergling x2  
  185  9:38  Zergling x6  
  184  9:40  Zergling x2  
  184  9:41  Zergling x4  
  184  9:42  Zergling x2  
  181  9:45  Evolution Chamber  
  181  9:48  Zergling x2  
  181  9:49  Zergling x4  
  181  9:50  Zergling x4  
  166  9:53  Zergling x10  
  166  9:54  Zergling x2  
  166  9:59  Zergling x2  
  156  10:04  Zergling x12  
  156  10:06  Chitinous Plating, Ultralisk  
  162  10:09  Zergling x2  
  162  10:11  Queen  
  162  10:12  Zerg Ground Armor Level 2  
  163  10:19  Zergling x8, Ultralisk  
  167  10:22  Drone x2  
  169  10:30  Baneling  
  169  10:31  Baneling x8  
  169  10:34  Baneling x6  
  169  10:37  Zergling x6  
  169  10:39  Hatchery  
  153  10:44  Zergling x16  
  153  10:49  Zergling x2, Ultralisk  
  158  10:52  Zergling x8  
  158  10:56  Zergling x10  
  158  11:03  Zergling x6, Ultralisk  
  160  11:06  Zergling x6  
  160  11:09  Zergling x8  
  154  11:13  Overseer  
  154  11:16  Ultralisk  
  156  11:22  Zergling x18  
  162  11:30  Baneling  
  162  11:31  Baneling x10  
  162  11:33  Zergling x14  
  162  11:35  Overlord  
  169  11:40  Zergling x10  
  175  11:47  Zergling x12  
  175  11:49  Anabolic Synthesis  
  175  11:51  Overlord  
  179  11:55  Baneling x3  
  179  11:56  Zergling x10  
  183  12:07  Zergling x20  
  184  12:15  Queen  
  174  12:17  Zergling x10, Ultralisk  
  174  12:22  Zergling x10  
  179  12:23  Zergling x2  
  179  12:26  Zergling x2  
  179  12:27  Zergling x2  
  156  12:30  Zergling x6  
  156  12:31  Zergling x2  
  154  12:37  Zergling x10  
  154  12:49  Zergling x10  
  154  12:50  Zergling x12  
  159  13:05  Zergling x2, Ultralisk x2  
  151  13:16  Zergling x8, Ultralisk  
  157  13:24  Zergling x2  
  157  13:25  Zergling x16  
  150  13:34  Ultralisk  
  150  13:35  Zergling x2  
  150  13:37  Zergling x8  
  150  13:40  Zergling x4  
  144  13:44  Zergling x6  
  144  13:48  Zergling x6  
  136  13:52  Zergling x2  
  136  13:53  Zergling x8  
  120  14:00  Queen x2  
  120  14:02  Drone x3  
  118  14:05  Queen  
  114  14:15  Infestor x3  
  116  14:29  Drone x2, Queen  
  116  14:31  Zergling x2, Ultralisk  
  126  14:34  Baneling x4  
  127  14:39  Zergling x6  
  127  14:40  Zergling x4  
  129  14:49  Infestor  
  129  14:50  Zergling x10  
  134  15:01  Infestor  
  134  15:02  Zergling x18  
  145  15:07  Spire  
  145  15:11  Zergling x8  
  145  15:12  Zergling x2  
  145  15:13  Overseer  
  149  15:14  Overseer  
  140  15:25  Drone x3  
  141  15:29  Zergling x6, Ultralisk  
  148  15:42  Drone  
  149  15:44  Zergling x8  
  149  15:45  Zergling x12  
  155  15:58  Baneling x4  
  154  16:05  Drone x3  
  154  16:06  Zergling x6  
  157  16:12  Zergling x2  
  157  16:13  Zergling x22  
  142  16:19  Zergling x4  
  142  16:21  Queen  
  142  16:24  Overseer  
  142  16:25  Zergling x8  
  135  16:41  Queen x2  
  135  16:42  Corruptor x3  
  135  16:43  Hatchery  
  136  16:48  Corruptor x2  
  136  16:49  Zergling x2  
  136  16:50  Overseer  
  136  16:52  Corruptor  
  138  16:57  Infestor x2  
  142  17:01  Zergling x4  
  142  17:02  Zergling x4  
  142  17:06  Corruptor  
  148  17:09  Zergling x2, Corruptor  
  151  17:16  Corruptor  
  151  17:17  Zergling x8  
  156  17:28  Zergling x20  
  165  17:34  Queen  
  166  17:39  Infestor x2, Zergling x2  
  166  17:40  Zergling x2  
  166  17:43  Hatchery  
  127  17:59  Zergling x18  
  127  18:00  Zergling x8  
Show
View Real Time Build Order
Export as new Build Order

LiquidClem Terran - Winner!

Build Orders: Liberator Opening, Reaper Expand 

Get SALT Encoding   

  12  0:00  SCV  
  13  0:12  SCV  
  14  0:16  Supply Depot  
  14  0:24  SCV  
  15  0:38  SCV  
  15  0:39  Barracks  
  16  0:42  Refinery  
  16  0:50  SCV  
  17  1:02  SCV  
  18  1:14  SCV  
  19  1:26  Orbital Command, Reaper  
  20  1:38  Command Center  
  20  1:47  Supply Depot  
  20  1:52  SCV  
  21  1:58  Marine  
  22  2:04  SCV  
  23  2:11  Factory  
  23  2:16  SCV  
  23  2:19  Barracks Reactor  
  24  2:28  SCV  
  25  2:40  SCV, Command Center  
  26  2:49  Orbital Command  
  26  2:52  SCV  
  27  2:59  Starport  
  27  3:03  Hellion  
  29  3:06  SCV  
  29  3:11  Hellion  
  32  3:16  SCV  
  32  3:18  SCV  
  36  3:27  Hellion  
  36  3:28  SCV  
  36  3:30  SCV  
  36  3:33  Refinery  
  38  3:40  SCV  
  39  3:43  SCV, Liberator  
  39  3:46  Hellion  
  45  3:52  SCV, Hellion  
  48  3:56  Orbital Command, Supply Depot  
  48  3:57  SCV  
  48  4:02  Barracks Tech Lab  
  49  4:05  SCV  
  49  4:09  SCV  
  51  4:11  Barracks  
  51  4:16  Barracks  
  52  4:17  SCV  
  52  4:19  Supply Depot  
  52  4:21  SCV, Factory Reactor  
  52  4:22  Supply Depot  
  52  4:23  Orbital Command, Refinery  
  54  4:26  Stimpack  
  54  4:27  Marine  
  54  4:29  SCV  
  55  4:33  SCV  
  55  4:34  Starport Reactor  
  56  4:39  Engineering Bay  
  56  4:41  SCV, Engineering Bay  
  56  4:45  Supply Depot, SCV  
  58  4:50  SCV, Refinery  
  59  4:53  SCV  
  59  4:56  Marine  
  59  4:57  SCV  
  62  5:03  SCV  
  62  5:05  SCV  
  62  5:06  Barracks  
  64  5:07  Barracks  
  64  5:09  SCV  
  64  5:10  Terran Infantry Weapons Level 1, Factory Reactor  
  64  5:11  Terran Infantry Armor Level 1  
  64  5:12  Marine x2  
  64  5:14  Marine  
  64  5:18  Marine x2  
  59  5:21  SCV x2  
  59  5:23  SCV  
  59  5:24  Medivac  
  59  5:27  Supply Depot  
  61  5:29  Medivac  
  61  5:30  Marine  
  61  5:33  SCV, Marine  
  61  5:34  Marine  
  67  5:36  SCV  
  67  5:37  Marine  
  67  5:41  Marine  
  71  5:42  SCV  
  71  5:45  SCV  
  71  5:48  Marine, Widow Mine  
  71  5:49  SCV, Widow Mine  
  78  5:54  Supply Depot, Barracks Reactor x2  
  78  5:55  SCV  
  78  5:56  Marine  
  80  5:57  SCV, Marine  
  80  6:00  Marine  
  80  6:01  SCV  
  84  6:04  Marine  
  84  6:07  SCV, Medivac x2  
  84  6:10  Marine  
  84  6:11  Widow Mine  
  93  6:15  Supply Depot, SCV  
  93  6:16  Widow Mine  
  93  6:17  Supply Depot x2  
  96  6:18  SCV  
  96  6:20  SCV  
  96  6:24  Factory  
  96  6:25  Refinery  
  98  6:26  Supply Depot  
  98  6:28  SCV  
  98  6:29  Combat Shield  
  98  6:30  Marine  
  98  6:31  Marine  
  101  6:36  SCV, Marine x4, Widow Mine  
  108  6:40  Supply Depot  
  108  6:45  SCV  
  108  6:46  Marine  
  105  6:47  Armory  
  105  6:48  SCV, Marine  
  105  6:49  Marine x3  
  105  6:53  Medivac  
  112  6:55  Marine, Widow Mine  
  112  6:58  SCV, Marine x2  
  112  6:59  Marine  
  119  7:04  Supply Depot, Widow Mine  
  119  7:07  Marine  
  122  7:10  Factory Tech Lab  
  122  7:12  Command Center  
  122  7:18  Supply Depot, Widow Mine  
  122  7:20  Marine, Medivac  
  122  7:21  Marine  
  128  7:23  Medivac  
  128  7:25  Marine  
  128  7:29  Refinery  
  129  7:31  Marine x4, Widow Mine  
  129  7:32  Marine  
  129  7:33  Marine  
  136  7:39  Terran Infantry Armor Level 2, Terran Infantry Weapons Level 2  
  136  7:41  Drilling Claws  
  136  7:43  Marine  
  137  7:45  SCV, Marine  
  137  7:46  Supply Depot  
  137  7:49  Medivac  
  137  7:51  Widow Mine  
  141  7:57  Barracks  
  141  7:58  Barracks  
  141  7:59  Barracks  
  141  8:01  Supply Depot  
  141  8:09  Terran Vehicle And Ship Armor Level 1, Widow Mine  
  141  8:10  Widow Mine  
  141  8:11  Marine  
  141  8:12  Marine x3, Widow Mine  
  148  8:14  Supply Depot, SCV  
  148  8:17  SCV x2  
  149  8:26  SCV  
  150  8:27  Marine  
  150  8:29  SCV x2  
  150  8:31  Widow Mine  
  153  8:35  Widow Mine  
  153  8:36  Supply Depot, Medivac  
  153  8:37  Marine x2  
  153  8:38  Marine x2  
  161  8:42  Widow Mine, Medivac  
  161  8:43  Marine  
  161  8:44  Marine x4  
  161  8:45  Marine  
  169  8:52  Widow Mine  
  171  8:56  Widow Mine  
  171  8:59  Marine x2, Sensor Tower  
  171  9:02  SCV  
  174  9:03  Barracks Tech Lab x2, Widow Mine  
  174  9:05  Barracks Tech Lab  
  174  9:06  Medivac  
  177  9:12  Medivac  
  177  9:13  Marine x3  
  177  9:14  Marine, Widow Mine  
  185  9:18  Widow Mine  
  185  9:21  Marine  
  185  9:22  Marine x3  
  185  9:24  Planetary Fortress  
  185  9:25  SCV, Widow Mine  
  185  9:28  SCV  
  185  9:29  Marine  
  190  9:31  Marauder  
  190  9:32  Marauder x2  
  190  9:36  Widow Mine, Medivac  
  185  9:40  Orbital Command, Marine x2, Widow Mine  
  185  9:42  Medivac  
  185  9:43  Marine x2  
  187  9:47  Marauder  
  187  9:48  SCV x2  
  187  9:49  Marine x4, Widow Mine  
  189  9:58  Widow Mine  
  180  10:00  SCV x3  
  180  10:01  Widow Mine  
  180  10:04  Marine x2  
  180  10:06  Medivac  
  182  10:07  Marine x2  
  182  10:08  Marine  
  182  10:10  Widow Mine  
  182  10:11  SCV  
  182  10:13  Terran Infantry Weapons Level 3  
  186  10:15  SCV  
  186  10:17  SCV  
  186  10:19  Widow Mine  
  188  10:22  Terran Infantry Armor Level 3, Terran Vehicle And Ship Armor Level 2  
  188  10:30  Refinery  
  188  10:31  Concussive Shells  
  188  10:35  Supply Depot  
  188  10:37  Marine  
  188  10:39  Marine x2  
  188  10:40  SCV, Marine x2, Marauder  
  188  10:41  Widow Mine  
  188  10:42  SCV x3, Command Center  
  178  10:50  Marine x2, Widow Mine  
  178  10:51  Marauder  
  178  10:53  Liberator  
  176  10:57  Liberator  
  176  10:58  Marine, Widow Mine  
  176  10:59  Marine x4  
  176  11:00  Marine  
  183  11:05  Marauder x2  
  183  11:07  Marauder  
  183  11:09  Marine  
  159  11:11  Widow Mine  
  159  11:13  Marauder  
  157  11:18  SCV  
  157  11:19  SCV  
  157  11:20  SCV x2  
  157  11:24  Marine x3, Widow Mine x2  
  165  11:26  Marauder  
  165  11:30  SCV, Marauder x2  
  165  11:31  SCV, Marine  
  174  11:34  Marine, Marauder  
  174  11:36  Marine x2  
  174  11:39  Marine, Widow Mine  
  182  11:42  Marine x2, Ghost Academy  
  182  11:45  Widow Mine  
  186  11:47  Marauder  
  186  11:49  Widow Mine  
  186  11:51  Marauder  
  186  11:52  Liberator  
  186  11:53  Liberator  
  198  11:57  Marauder  
  198  12:00  Marine  
  200  12:02  Marine  
  188  12:09  Widow Mine  
  188  12:10  Marine  
  188  12:11  Marine x3  
  188  12:12  Marine  
  188  12:13  Widow Mine  
  188  12:14  Marine x2  
  195  12:17  Widow Mine  
  183  12:23  Marine  
  183  12:25  Marine x2, Marauder x2  
  183  12:27  SCV  
  183  12:28  Marine  
  167  12:30  Widow Mine  
  167  12:31  Marine  
  167  12:32  Marine x2, Marauder  
  167  12:33  Marine  
  167  12:35  Liberator  
  177  12:37  Planetary Fortress, Widow Mine  
  177  12:39  SCV x2  
  177  12:41  SCV  
  177  12:43  Marauder  
  177  12:44  SCV  
  181  12:48  Widow Mine  
  181  12:50  Marine x3, Marauder x2  
  190  12:51  SCV  
  190  12:52  SCV  
  190  12:53  SCV  
  190  12:54  Liberator  
  190  12:55  Marine  
  190  12:56  SCV  
  190  12:57  Marine  
  196  13:02  Widow Mine  
  196  13:03  SCV  
  196  13:05  Marine  
  187  13:15  Marine x2, Widow Mine  
  187  13:16  Marine  
  187  13:17  Marauder  
  187  13:18  Medivac  
  189  13:20  Marine, Widow Mine  
  194  13:27  Widow Mine  
  194  13:31  Marine  
  187  13:36  Marauder, Widow Mine  
  187  13:37  Orbital Command, Medivac  
  187  13:39  Marine x2  
  187  13:40  Marine x4  
  186  13:42  Widow Mine  
  186  13:46  Marine  
  186  13:47  Marine  
  186  13:48  Widow Mine, Medivac  
  181  13:49  Orbital Command  
  166  13:57  Marine, Widow Mine  
  166  14:01  SCV  
  160  14:03  SCV  
  160  14:05  SCV  
  160  14:07  Medivac  
  164  14:13  SCV  
  164  14:15  SCV  
  164  14:16  Marine x2  
  168  14:18  Medivac  
  168  14:19  Marine x2, Widow Mine  
  168  14:23  Widow Mine  
  171  14:26  Marine  
  171  14:27  Widow Mine  
  174  14:34  Refinery  
  174  14:37  Medivac  
  176  14:39  Marine  
  176  14:40  Widow Mine  
  176  14:41  SCV  
  176  14:42  SCV x2  
  176  14:43  SCV  
  180  14:57  Marine  
  180  14:58  SCV, Widow Mine  
  180  15:05  Orbital Command  
  180  15:12  Supply Depot x3  
  180  15:21  SCV  
  180  15:24  SCV, Marine  
  180  15:25  Marine x2  
  180  15:26  SCV  
  180  15:33  SCV, Marine x3, Liberator x2  
  180  15:34  Marauder x4, Widow Mine  
  200  15:51  Marine x3  
  200  15:58  Command Center  
  200  16:00  Command Center  
  200  16:03  Starport  
  200  16:09  Marine  
  199  16:17  Widow Mine  
  199  16:18  Marine, Marauder  
  189  16:22  SCV  
  189  16:23  SCV x2  
  195  16:28  Refinery, Ghost x2, Sensor Tower  
  195  16:30  Ghost, Missile Turret  
  195  16:32  Marine  
  189  16:33  Widow Mine  
  189  16:36  Marine, Widow Mine  
  189  16:37  Marine  
  189  16:38  Marine x5  
  189  16:39  Ghost  
  190  16:40  Widow Mine  
  181  16:50  Marine  
  169  16:54  Marine, Widow Mine  
  169  16:55  Marine x2  
  169  16:56  Marine  
  169  16:57  Marine x3, Marauder, Widow Mine  
  169  16:58  Marauder  
  169  17:00  Starport Reactor, Marauder  
  184  17:08  Marine, Marauder, Widow Mine  
  189  17:14  Marine x4  
  193  17:16  Widow Mine  
  193  17:17  Orbital Command  
  193  17:19  Marauder, Widow Mine  
  199  17:30  Widow Mine  
  199  17:44  Ghost  
  199  17:51  SCV  
  199  17:52  SCV  
  199  17:53  SCV  
  199  17:54  Marine x2, Marauder x2  
  184  18:00  SCV  
  184  18:04  SCV  
Tags
 
Add a new tag
Caveats
  • Supply blocks, unpowered buildings, or Contaminate may cause inaccurate times.
  • Supply counts are checked every 10 seconds.